 Dungeon Crawl Stone Soup version 0.28.0-53-g5a82cb258f (webtiles) character file.

Game seed: 12067579560054786590

169 Sin92 the Skirmisher (level 5, -6/43 HPs)
             Began as a Demonspawn Fighter on July 5, 2022.
             Killed from afar by a steam dragon (18 damage)
             ... with a ball of steam
             ... on level 5 of the Dungeon.
             The game lasted 00:02:29 (2596 turns).

Sin92 the Skirmisher (Demonspawn Fighter)           Turns: 2596, Time: 00:02:30

Health: -6/43      AC: 10    Str: 24    XL:     5   Next: 25%
Magic:  5/5        EV:  7    Int:  9    God:
Gold:   118        SH:  5    Dex: 13    Spells: 4/4 levels left

rFire   . . .      SeeInvis .   a - +0 war axe
rCold   . . .      Faith    .   c - +0 buckler
rNeg    . . .      Spirit   .   k - +0 chain mail
rPois   .          Reflect  .   (no helmet)
rElec   .          Harm     .   (no cloak)
rCorr   .          Rampage  .   (no gloves)
Will    .....                   (no boots)
Stlth   ..........              (no amulet)
HPRegen 0.14/turn               m - +6 ring of strength
MPRegen 0.09/turn               (no ring)

@: mighty
A: claws 1, rugged brown scales 1, powered by pain 1, spiny 1
a: no special abilities


You were on level 5 of the Dungeon.
You visited 1 branch of the dungeon, and saw 5 of its levels.

You collected 118 gold pieces.

Inventory:

Hand Weapons
 a - a +0 war axe (weapon)
Armour
 b - a +0 scale mail
 c - a +0 buckler (worn)
 k - a +0 chain mail (worn)
Jewellery
 m - a +6 ring of strength (left claw)
Potions
 e - 2 potions of haste
 g - a potion of mutation {unknown}
 h - a potion of invisibility {unknown}
 i - a potion of flight {unknown}
 j - a potion of attraction
 l - 3 potions of heal wounds {unknown}


   Skills:
 + Level 3.7 Fighting
 * Level 3.5 Axes
 + Level 3.4 Armour
 + Level 3.3 Shields


You had 4 spell levels left.
You didn't know any spells.
Your spell library contained the following spells:

 Spells                   Type           Power      Damage    Failure   Level
 Foxfire                  Conj/Fire      0%         2x1d4     98%         1
 Slow                     Hex            0%         N/A       98%         1
 Ensorcelled Hibernation  Hex/Ice        0%         N/A       99%         2
 Passwall                 Tmut/Erth      0%         N/A       99%         2
 Sublimation of Blood     Necr           0%         N/A       99%         2
 Wereblood                Tmut           0%         N/A       99%         2
 Confusing Touch          Hex            0%         N/A       100%        3
 Conjure Flame            Conj/Fire      0%         6-21      100%        3
 Ignite Poison            Fire/Tmut/Pois 0%         N/A       100%        3
 Inner Flame              Hex/Fire       0%         N/A       100%        3
 Mephitic Cloud           Conj/Pois/Air  0%         N/A       100%        3
 Swiftness                Air            0%         N/A       100%        3
 Vampiric Draining        Necr           0%         2d6       100%        3
 Flame Wave               Conj/Fire      0%         2d4       100%        4
 Petrify                  Tmut/Erth      0%         N/A       100%        4
 Freezing Cloud           Conj/Ice/Air   0%         6-21      100%        5
 Irradiate                Conj/Tmut      0%         3d13      100%        5
 Summon Hydra             Summ           0%         N/A       100%        7


Dungeon Overview and Level Annotations

Branches:
Dungeon (6/15)
 Temple: D:4-7

Altars:
Gozag
Ru
Zin


Innate Abilities, Weirdness & Mutations

You have sharp fingernails.
You are partially covered in rugged brown scales. (AC +1, +3% HP)
You sometimes gain a little power by taking damage.
You are partially covered in sharp spines.


Message History

The black bear claws you. The steam dragon bites you!
The steam dragon claws you but does no damage.
You slash the steam dragon!
The steam dragon is heavily wounded.
You hit the black bear. You block the black bear's attack.
The black bear claws you but does no damage. x2
The bullfrog skeleton completely misses you.
The steam dragon bites you!
You focus on the pain.
You feel mightier all of a sudden.
The steam dragon claws you but does no damage.
The black bear bites you.
The black bear claws you but does no damage.
The black bear claws you.
* * * LOW HITPOINT WARNING * * *
You hit the black bear.
The black bear is moderately wounded.
You closely miss the steam dragon. You hit the bullfrog skeleton.
The bullfrog skeleton barely misses you.
The steam dragon bites you but does no damage.
The steam dragon claws you but does no damage.
The black bear is struck by your spines.
The black bear bites you but does no damage.
The black bear completely misses you.
The black bear claws you but does no damage.
The bullfrog skeleton is struck by your spines.
The bullfrog skeleton hits you but does no damage.
The steam dragon is struck by your spines.
The steam dragon bites you but does no damage.
The steam dragon claws you but does no damage.
You barely miss the black bear.
The black bear is moderately wounded.
You hit the steam dragon. You barely miss the bullfrog skeleton.
The bullfrog skeleton is struck by your spines.
The bullfrog skeleton hits you but does no damage.
The black bear bites you but does no damage.
You block the black bear's attack.
The black bear claws you but does no damage.
The steam dragon breathes steam at you. The ball of steam hits you!!
You die...

. ............##
#.####.[...........
##.#..#..............
...........h........(
.)...................
#.....##...........
#h.##..)......#
#@D†.......#
##Z#......###
###........##
.......#>...#
##.....#..#.....
###......# ....
......... ...
##$###...## #. ..>..


You could see a steam dragon (catching breath), a black bear and a bullfrog
skeleton.

Vanquished Creatures
  A hound (D:5)
  An orc priest (D:3)
  An orc wizard (D:3)
  An adder (D:2)
  4 worms (D:2)
  2 dart slugs
  4 orcs
  5 bats
  7 endoplasms
  A giant cockroach (D:2)
  4 hobgoblins
  3 quokkas (D:1)
  3 ball pythons
  4 frilled lizards
  6 goblins
  3 kobolds
  7 rats
57 creatures vanquished.

Vanquished Creatures (others)
  8 plants (D:5)
8 creatures vanquished.

Grand Total: 65 creatures vanquished

Notes
Turn   | Place    | Note
-------+----------+-------------------------------------------
     0 | D:1      | Sin92 the Demonspawn Fighter began the quest for the Orb.
     0 | D:1      | Reached XP level 1. HP: 18/18 MP: 1/1
   350 | D:1      | Gained mutation: You are partially covered in sharp spines.
                  | [demonic ancestry]
   350 | D:1      | Reached XP level 2. HP: 12/24 MP: 2/2
  1164 | D:2      | Gained mutation: You are partially covered in rugged brown
                  | scales. (AC +1, +3% HP) [demonic ancestry]
  1164 | D:2      | Reached XP level 3. HP: 24/29 MP: 3/3
  2203 | D:3      | Gained mutation: You have sharp fingernails. [demonic
                  | ancestry]
  2203 | D:3      | Reached XP level 4. HP: 36/36 MP: 4/4
  2239 | D:3      | Found an opulent altar of Gozag.
  2241 | D:3      | Found a sacrificial altar of Ru.
  2569 | D:3      | You fall into a shaft and drop 3 floors!
  2569 | D:6      | Noticed an orc warrior
  2570 | D:6      | Noticed a steam dragon
  2577 | D:5      | Entered Level 5 of the Dungeon
  2582 | D:5      | Noticed a black bear
  2584 | D:5      | Gained mutation: You sometimes gain a little power by
                  | taking damage. [demonic ancestry]
  2584 | D:5      | Reached XP level 5. HP: 20/42 MP: 5/5
  2596 | D:5      | Killed from afar by a steam dragon

Illustrated notes

Levels and vault maps discovered:
D:1:      ncdulo_lavacross, layout_basic, minmay_crystal_water,
          hangedman_decor_clover_reticule
D:2:      layout_basic
D:3:      layout_loops_ring, chequers_temple_overflow_statue_of_worship,
          serial_park_tiny_2, minmay_cut_off
D:5:      layout_cave_pools, mainiacjoe_overflow_chevrons, temple_fountains,
          serial_park_tiny_2, uniq_grinder, uniq_prince_ribbit1
D:6:      layout_basic, grunt_ashenzari_visionary
          [grunt_ashenzari_visionary_swamp, grunt_ashenzari_visionary_spider],
          nicolae_overflow_crystal_walls, mainiacjoe_overflow_24_doors,
          portal_sewer_entry_a, grunt_ministairs_6

Skill      XL: |  1  2  3  4 |
---------------+-------------+-----
Axes           | 2 3 |  3.5
Armour         | 3 |  3.4
Shields        | 3 |  3.3
Fighting       | |  3.7

Action                   |  1- 3 |  4- 6 || total
-------------------------+-------+-------++-------
Melee: War axe           |    93 |    22 ||   115
  Use: Scroll            |     2 |     2 ||     4
       Potion            |       |     2 ||     2
Armor: Scale mail        |    33 |       ||    33
       Chain mail        |     3 |    32 ||    35
Dodge: Dodged            |    33 |    21 ||    54
Block: Buckler           |    20 |     4 ||    24
